 Dungeon Crawl Stone Soup version 0.20.1-1-g8b1a95d (webtiles) character file.

79 Andry07 the Skirmisher (level 4, 0/29 HPs)
             Began as a Gargoyle Fighter on Oct 7, 2017.
             Slain by Sigmund
             ... wielding a +0 scythe of flaming
              (5 damage)
             ... on level 3 of the Dungeon.
             The game lasted 00:01:14 (1541 turns).

Andry07 the Skirmisher (Gargoyle Fighter)           Turns: 1541, Time: 00:01:14

Health: 0/29       AC: 10    Str: 20    XL:     4   Next: 38%
Magic:  4/4        EV:  7    Int:  9    God:
Gold:   59         SH:  9    Dex:  9    Spells: 3/3 levels left

rFire    . . .     SeeInvis .   a - +0 flail
rCold    . . .     Gourm    .   c - +0 shield
rNeg     + . .     Faith    .   b - +0 scale mail
rPois    ∞         Spirit   .   (no helmet)
rElec    +         Reflect  .   (no cloak)
rCorr    .         Harm     .   (no gloves)
MR       .....                  (no boots)
Stlth    ..........             (no amulet)
Regen    0.1/turn               (no ring)
MPRegen  0.1/turn               (no ring)

@: no status effects
A: negative energy resistance 1, electricity resistance, unbreathing,
petrification resistance, rot immunity, AC +3
a: no special abilities


You were on level 3 of the Dungeon.
You were not hungry.

You visited 1 branch of the dungeon, and saw 3 of its levels.

You collected 59 gold pieces.

Inventory:

Hand Weapons
 a - a +0 flail (weapon)
Armour
 b - a +0 scale mail (worn)
 c - a +0 shield (worn)
Scrolls
 e - a scroll of identify {unknown}
 g - a scroll of blinking {unknown}
 i - a scroll of fog {unknown}
 j - a scroll of teleportation {unknown}
Potions
 d - a potion of might
Comestibles
 f - 2 bread rations
 h - 4 fruits


   Skills:
 + Level 4.1 Fighting
 + Level 3.1 Maces & Flails
 - Level 4.1 Armour
 - Level 3.2 Shields


You had 3 spell levels left.
You didn't know any spells.

Dungeon Overview and Level Annotations

Branches:
Dungeon (3/15)

Altars:
Fedhas

Annotations:
D:3 Sigmund


Innate Abilities, Weirdness & Mutations

You are resistant to torment.
Your stone body is resilient. (AC +3)
You are immune to poison.
You resist negative energy. (rN+)
You are resistant to electric shocks. (rElec)
You can survive without breathing.
You are immune to petrification.
You are immune to rotting.


Message History

Sigmund gestures at you while chanting. The magic dart hits you!
You are too injured to fight recklessly!
You are too injured to fight recklessly!
You are too injured to fight recklessly!
You are too injured to fight recklessly!
You are too injured to fight recklessly!
You sock Sigmund!
Sigmund is severely wounded.
Sigmund gestures at you while chanting. The puff of flame hits you!
* * * LOW HITPOINT WARNING * * *
You closely miss Sigmund.
Sigmund is severely wounded.
Sigmund gestures wildly while chanting.
Sigmund flickers and vanishes!
Deactivating autopickup; reactivate with Ctrl-A.
You hit something but do no damage. Something hits you but does no damage.
Something hits you.
You die...

#.....######...##.##.##.#.#
#......)...'...+...........
####'#######...##.##.##.#..
#....# ###.##.##.##.###
#....# #.#........... #....#
#.#####.##.### #....#
####........#.#
########....###...#########.#
........>...'.@.=.'.... #.#
#########...###...#...# #...#
#{..# # ##### #...# ......
....... .........# .........#
.......####


There were no monsters in sight!

Vanquished Creatures
  3 adders (D:2)
  An ooze (D:1)
  2 leopard geckos
  2 ball pythons
  2 bats (D:2)
  4 giant cockroaches
  5 goblins
  2 hobgoblins (D:2)
  5 jackals
  7 kobolds
  3 frilled lizards
  6 rats
42 creatures vanquished.

Notes
Turn   | Place    | Note
-------+----------+-------------------------------------------
     0 | D:1      | Andry07 the Gargoyle Fighter began the quest for the Orb.
     0 | D:1      | Reached XP level 1. HP: 14/14 MP: 1/1
   220 | D:1      | Reached XP level 2. HP: 18/19 MP: 2/2
   702 | D:2      | Reached XP level 3. HP: 24/24 MP: 3/3
   940 | D:2      | Reached XP level 4. HP: 28/29 MP: 4/4
  1006 | D:2      | Found a blossoming altar of Fedhas.
  1526 | D:3      | Noticed Sigmund
  1541 | D:3      | Slain by Sigmund

Skill      XL: |  1  2  3 |
---------------+----------+-----
Fighting       | 4 |  4.1
Maces & Flails | 3 |  3.1
Armour         | 4 |  4.1
Shields        | |  3.2

Action                   |  1- 3 |  4- 6 || total
-------------------------+-------+-------++-------
Melee: Flail             |   126 |    48 ||   174
  Eat: Chunk             |       |     2 ||     2
Armor: Scale mail        |    77 |    19 ||    96
Dodge: Dodged            |    56 |    15 ||    71
Block: Shield            |    79 |    18 ||    97
